 Dungeon Crawl Stone Soup version 0.28-a0-706-gf6f64a616a (webtiles) character file.

Game seed: 10435182049665977822

26 Crownlay the Skirmisher (level 2, -1/27 HPs)
             Began as a Minotaur Fighter on Oct 24, 2021.
             Slain by a hobgoblin (2 damage)
             ... on level 1 of the Dungeon.
             The game lasted 00:01:07 (371 turns).

Crownlay the Skirmisher (Minotaur Fighter)           Turns: 371, Time: 00:01:07

Health: -1/27      AC:  6    Str: 20    XL:     2   Next: 89%
Magic:  1/1        EV:  9    Int:  5    God:
Gold:   10         SH:  4    Dex:  9    Spells: 1/1 levels left

rFire   . . .      SeeInvis .   a - +0 long sword
rCold   . . .      Faith    .   c - +0 buckler
rNeg    . . .      Spirit   .   b - +0 scale mail
rPois   .          Reflect  .   (helmet restricted)
rElec   .          Harm     .   (no cloak)
rCorr   .          Rampage  .   (no gloves)
Will    .....                   (no boots)
Stlth   ..........              (no amulet)
HPRegen 0.09/turn               (no ring)
MPRegen 0.07/turn               (no ring)

@: lethally poisoned (-1 -> -25)
A: horns 2, retaliatory headbutt
a: no special abilities


You were on level 1 of the Dungeon.
You visited 1 branch of the dungeon, and saw 2 of its levels.

You collected 10 gold pieces.

Inventory:

Hand Weapons
 a - a +0 long sword (weapon)
Armour
 b - a +0 scale mail (worn)
 c - a +0 buckler (worn)
Scrolls
 f - a scroll of enchant weapon {unknown}
 g - a scroll of fog {unknown}
Potions
 d - a potion of might
 e - a potion of invisibility {unknown}


   Skills:
 + Level 4.1 Fighting
 * Level 3.3 Long Blades
 - Level 3.6 Armour
 - Level 4.0 Shields


You had one spell level left.
You didn't know any spells.
Your spell library contained the following spells:

 Spells                   Type           Power      Damage    Failure   Level
 Beastly Appendage        Tmut           0%         N/A       83%         1
 Wereblood                Tmut           0%         N/A       92%         2
 Spider Form              Tmut/Pois      0%         N/A       99%         3
 Animate Dead             Necr           0%         N/A       100%        4
 Borgnjor's Vile Clutch   Necr/Erth      0%         N/A       100%        5
 Death Channel            Necr           0%         N/A       100%        6


Dungeon Overview and Level Annotations

Branches:
Dungeon (2/15)

Altars:


Innate Abilities, Weirdness & Mutations

You have a pair of horns on your head.
You reflexively headbutt those who attack you in melee.


Message History

You kill the hobgoblin!
The endoplasm closely misses you. You furiously retaliate!
You headbutt the endoplasm. You barely miss the endoplasm.
You headbutt the endoplasm.
You kill the endoplasm!
Your life force feels restored.
No target in view!
No target in view!
No target in view!
No target in view!
A hobgoblin comes into view. It is wielding a +1 spear of venom.
A quokka comes into view.
Things that are here:
a +0 dagger; a kobold corpse You closely miss the quokka.
Your headbutt misses the quokka. The quokka barely misses you. x2
You closely miss the quokka.
You headbutt the quokka, but do no damage.
The quokka bites you but does no damage.
You hit the quokka but do no damage. The hobgoblin closely misses you.
You block the quokka's attack. The quokka barely misses you.
The hobgoblin hits you from afar with a +1 spear of venom.
You are poisoned.
You closely miss the quokka.
You feel very sick. You block the quokka's attack.
The hobgoblin hits you but does no damage.
You are lethally poisoned!
You closely miss the quokka.
You feel very sick. You block the quokka's attack.
The hobgoblin hits you from afar with a +1 spear of venom.
* * * LOW HITPOINT WARNING * * *
You are more poisoned.
The quokka barely misses you.
Okay, then.
* * * LOW HITPOINT WARNING * * *
You feel very sick.
The hobgoblin hits you with a +1 spear of venom.
You die...

........... ............
g.......... ...........
......... .......
#+#######......# #......
........#g.....####.....=
......r.@)†......##......
..........!...##.##......
...........)..##.#.......
#.............##.#...)...
#.....................)..
#........................
#.#+#........#.......#...
.............##......#...
............##......#...


You could see a quokka and a hobgoblin.

Vanquished Creatures
  A dart slug (D:1)
  A ball python (D:1)
  2 endoplasms (D:1)
  A giant cockroach (D:1)
  5 goblins (D:1)
  3 hobgoblins
  2 jackals (D:2)
  A bat (D:1)
  2 frilled lizards (D:1)
  2 kobolds (D:1)
  A rat (D:1)
21 creatures vanquished.

Notes
Turn   | Place    | Note
-------+----------+-------------------------------------------
     0 | D:1      | Crownlay the Minotaur Fighter began the quest for the Orb.
     0 | D:1      | Reached XP level 1. HP: 19/19 MP: 0/0
   102 | D:1      | Reached XP level 2. HP: 27/27 MP: 1/1
   117 | D:1      | You fall into a shaft and drop 1 floor!
   371 | D:1      | HP: 1/27 [poisoned by a hobgoblin]
   371 | D:1      | Slain by a hobgoblin

Illustrated notes

Levels and vault maps discovered:
D:1:      eino_arrival_tree_alley, layout_basic,
          hellmonk_ecumenical_altar_heavens_door, corexii_leaking_fountain
D:2:      layout_basic, serial_shops, nicolae_shop_crystal, nicolae_shop_trees,
          shop_statue, nicolae_shop_temple_entry_statues_fountains,
          nicolae_shop_competitors_out_of_business

Skill      XL: |  1  2 |
---------------+-------+-----
Fighting       | 4 |  4.1
Shields        | 4 |  4.0
Long Blades    | 3 |  3.3
Armour         | |  3.6

Action                   || total
-------------------------++-------
Melee: Long sword        ||    35
       Headbutt          ||     4
Armor: Scale mail        ||    16
Dodge: Dodged            ||    20
Block: Buckler           ||    11

Table legend: (Time is in decaauts)
 A = Elapsed time spent in this place.
 B = Non-inter-level travel time spent in this place.
 C = Inter-level travel time spent in this place.
 D = Time resting spent in this place.
 E = Time spent auto-exploring this place.
 F = Levels seen in this place.
 G = Mean time per level.
                   A        B        C        D        E       F      G
               +--------+--------+--------+--------+--------+-----+--------+
         Total |    380 |    380 |      0 |      0 |    259 |   2 |  190.0 |
       Dungeon |    380 |    380 |      0 |      0 |    259 |   2 |  190.0 |
               +--------+--------+--------+--------+--------+-----+--------+

Top non-repeatable levels by time:
     D:1: 298 daAuts
     D:2: 81 daAuts
